 Dungeon Crawl Stone Soup version 0.24.0-37-gcf1ca852f1 (webtiles) character file.

Game seed: 17188949899251403950, levelgen mode: deterministic

18643 DildoBatman the Geomancer (level 12, -12/81 HPs)
             Began as a Formicid Wizard on Dec 7, 2019.
             Was a High Priest of Kikubaaqudgha.
             Mangled by Snorg (22 damage)
             ... on level 2 of the Orcish Mines.
             The game lasted 00:52:47 (13997 turns).

DildoBatman the Geomancer (Formicid Wizard)        Turns: 13997, Time: 00:52:48

Health: -12/81     AC:  7    Str: 12    XL:     12   Next: 97%
Magic:  5/22       EV: 13    Int: 27    God:    Kikubaaqudgha [*****.]
Gold:   996        SH:  0    Dex: 12    Spells: 0/25 levels left

rFire    + . .     SeeInvis +   a - +4 spear (curse)
rCold    + . .     Gourm    .   (no shield)
rNeg     . . .     Faith    .   o - +2 troll leather armour
rPois    .         Spirit   .   (helmet unavailable)
rElec    .         Reflect  .   N - scarf {rC+ rF+}
rCorr    .         Harm     .   (no gloves)
MR       +....                  i - +0 pair of boots
Stlth    ++........             m - amulet of magic regeneration
HPRegen  1.63/turn              u - +3 ring of dexterity
MPRegen  0.43/turn              K - +4 ring of intelligence

@: very slightly contaminated, regenerating (expiring)
A: permanent stasis, dig shafts and tunnels, four strong arms, antennae 3
a: Dig, Shaft Self, Receive Corpses, Torment, Renounce Religion


You were on level 2 of the Orcish Mines.
You worshipped Kikubaaqudgha.
Kikubaaqudgha was extremely pleased with you.
You were very hungry.

You visited 3 branches of the dungeon, and saw 14 of its levels.

You collected 1035 gold pieces.
You spent 39 gold pieces at shops.

Inventory:

Hand Weapons
 a - a cursed +4 spear (weapon)
 b - a +0 shortbow of freezing
 c - a +2 halberd of venom
 s - a +5 trident
Missiles
 h - 61 bolts
 l - 402 arrows
 p - 8 boomerangs (quivered)
 r - 12 javelins
 t - 46 poisoned darts
 y - 96 sling bullets
Armour
 g - a +0 large shield
 i - a +0 pair of boots (worn)
 o - a +2 troll leather armour (worn)
 q - +0 acid dragon scales
 N - a scarf of resistance (worn)
Jewellery
 m - an amulet of magic regeneration (around neck)
 u - a +3 ring of dexterity (left hand)
 K - a +4 ring of intelligence (right hand)
Wands
 G - a wand of paralysis (5)
 M - a wand of iceblast (11)
Scrolls
 e - 4 scrolls of fog
 j - a scroll of blinking {unknown}
 x - 7 scrolls of remove curse
 z - a scroll of identify
 A - 5 scrolls of immolation
 B - a scroll of noise {unknown}
 C - a scroll of amnesia {unknown}
 E - a scroll of acquirement {unknown}
Potions
 d - 5 potions of resistance
 k - 4 potions of curing
 n - 5 potions of flight
 w - 3 potions of lignification
 D - a potion of ambrosia {unknown}
 F - a potion of invisibility {unknown}
 H - a potion of degeneration {unknown}
 J - a potion of agility {unknown}
 L - 2 potions of brilliance
Comestibles
 f - a chunk of flesh
 v - 23 rations


   Skills:
 - Level 3.3 Fighting
 - Level 3.3 Armour
 - Level 3.4 Dodging
 - Level 2.4 Stealth
 - Level 7.3 Spellcasting
 - Level 6.1 Conjurations
 - Level 6.1 Charms
   Level 1.0 Summonings
 - Level 10.0 Necromancy
   Level 0.8 Translocations
 - Level 5.1 Fire Magic
 * Level 5.1 Ice Magic
 - Level 5.0 Air Magic
 - Level 10.0 Earth Magic


You couldn't memorise any spells.
You knew the following spells:

 Your Spells              Type           Power        Failure   Level  Hunger
a - Conjure Flame         Conj/Fire      #####...     2%          3    None
b - Borgnjor's Vile Clut  Necr/Erth      ######....   3%          5    #####..
c - Magic Dart            Conj           ####         1%          1    None
d - Regeneration          Chrm/Necr      ######....   1%          3    None
e - Mephitic Cloud        Conj/Pois/Air  ####....     4%          3    None
f - Ozocubu's Armour      Chrm/Ice       #####...     2%          3    None
h - Dispel Undead         Necr           ######..     3%          5    #####..
z - Sublimation of Blood  Necr           ######....   1%          2    None

Your spell library contained the following spells:

 Spells                   Type           Power        Failure   Level  Hunger
 Flame Tongue             Conj/Fire      #####        1%          1    None
 Freeze                   Ice            ####         1%          1    None
 Pain                     Necr           ####         1%          1    None
 Corpse Rot               Necr           N/A          1%          2    None
 Throw Flame              Conj/Fire      #####.       1%          2    None
 Throw Frost              Conj/Ice       #####.       1%          2    None
 Animate Dead             Necr           N/A          1%          4    ##.....
 Call Imp                 Summ           ###.....     7%          2    None
 Sticky Flame             Conj/Fire      #####...     7%          4    ##.....
 Throw Icicle             Conj/Ice       #####...     7%          4    ##.....
 Inner Flame              Hex/Fire       ###.....     8%          3    None
 Excruciating Wounds      Chrm/Necr      ######....   8%          5    #####..
 Slow                     Hex            #.......     11%         2    None
 Death Channel            Necr           ######....   19%         6    ######.
 Summon Ice Beast         Ice/Summ       ####....     21%         4    ##.....
 Fireball                 Conj/Fire      #####.....   21%         5    #####..
 Blink                    Tloc           Unusable     N/A         2    N/A

Dungeon Overview and Level Annotations

Branches:
Dungeon (11/15)            Temple (1/1) D:5            Lair (0/6) D:8
    Orc (2/2) D:10            Elf (0/3) Orc:2

Altars:
Ashenzari
Cheibriados
Dithmenos
Elyvilon
Fedhas
Gozag
Hepliaklqana
Kikubaaqudgha
Makhleb
Nemelex Xobeh
Okawaru
Qazlal
Ru
Sif Muna
Trog
Uskayaw
Vehumet
Wu Jian
Xom
Yredelemnul
Zin
The Shining One
Beogh

Shops:
D:8 *   Orc:2 (=

Annotations:
D:1 Jessica
D:2 1 runed translucent door, 1 exclusion, Crazy Yiuf
D:3 exclusion: phantom
D:4 1 exclusion
D:9 exclusion: sensed monster (detected), Erolcha
Orc:2 Snorg, Urug


Innate Abilities, Weirdness & Mutations

You cannot be hasted, slowed, berserked, paralysed or teleported.
You can dig through walls and to a lower floor.
Your four strong arms can wield two-handed weapons with a shield.
You have a pair of large antennae on your head. (SInv)


Message History

The orc knight roars a battlecry!
The orc sorcerer goes into a battle-frenzy!
Snorg completely misses you. Snorg claws you! Snorg closely misses you.
You hear a shout!
You dig through the rock wall.
An orc, 4 orc warriors and an orc wizard come into view.
Your skin is crawling a little less now.
The orc warrior shouts! x2
The orc shouts!
The orc warrior shouts!
The orc knight roars a battlecry!
The orc warlord goes into a battle-frenzy!
The orc warrior misses you.
An orc comes into view. It is wielding a +0 falchion.
The orc wizard looks encouraged for a moment.
Snorg bites you!!
You die...
Kikubaaqudgha rasps: "You have failed me!
Welcome... death!"

#.#.## ##.###o#.# #.#.##
##.## ##{## ##oo#{##
###.## #{#
##{.###{###.{#.### {{{
##.#{# ##.#........#.{.#
##.##{# ##{#..#...o....{
#o###.#######{{o##.......
#.# #o#o.####o........##.
#.# ##.#@.oo.ooo.#....# .
##.# ##T#####oo......P...
#.## ##o## ##.......P.....
##.###o#o###{#.#..........
##o#)###.#.#####...8.....
##.## ##{## ..P.. .o ###
### .... ... ...


You could see an orc warlord, Snorg (berserk), an orc knight, 6 orc warriors, an
orc wizard and 2 orcs.

Vanquished Creatures
  A hydra (D:10)
  4 two-headed ogres
  2 orc high priests (Orc:2)
  An unseen horror (D:9)
  Pikel (D:6)
  3 orc knights (Orc:2)
  An oklob plant (Orc:1)
  2 orc sorcerers (Orc:2)
  Joseph (D:8)
  A gargoyle (D:11)
  2 trolls (Orc:2)
  2 hornets (D:8)
  2 hippogriffs (D:8)
  A shadow (D:11)
  A vampire (D:10)
  2 wyverns
  4 yaks (D:11)
  A hungry ghost (D:10)
  2 wargs
  2 soldier ants
  An acid dragon (D:11)
  A water moccasin (D:10)
  Duvessa (D:6)
  14 orc warriors
  4 slaves (D:6)
  A black bear (D:9)
  5 ice beasts
  An eye of draining (D:10)
  2 phantoms
  5 ogres
  10 centaurs
  A big kobold (D:11)
  9 bullfrogs
  A water moccasin skeleton (D:4)
  Dowan (D:6)
  5 scorpions
  14 killer bees
  7 wights
  2 howler monkeys (D:10)
  4 crimson imps
  A quasit (D:10)
  A centaur zombie (D:11)
  A bullfrog zombie (D:7)
  A jelly (D:9)
  3 bullfrog skeletons
  4 hounds
  8 orc priests
  18 orc wizards
  3 worker ants
  3 hound skeletons
  A worker ant zombie (D:4)
  14 adders
  7 shadow imps
  An ooze (D:1)
  An adder zombie (D:4)
  An adder skeleton (D:4)
  6 worms
  A dart slug (D:1)
  8 leopard geckos
  57 orcs
  2 ball pythons
  6 giant cockroaches
  14 goblins
  8 hobgoblins
  11 jackals
  4 quokkas
  8 bats
  5 frilled lizards
  A jackal skeleton (D:7)
  A jackal zombie (D:6)
  8 kobolds
  A leopard gecko skeleton (D:5)
  A leopard gecko zombie (D:8)
  7 rats
  A fungus (Orc:2)
343 creatures vanquished.

Vanquished Creatures (others)
  A hound (D:6)
  20 fungi (Orc:2)
21 creatures vanquished.

Grand Total: 364 creatures vanquished

Notes
Turn   | Place    | Note
-------+----------+-------------------------------------------
     0 | D:1      | DildoBatman the Formicid Wizard began the quest for the
                  | Orb.
     0 | D:1      | Reached XP level 1. HP: 13/13 MP: 4/4
     4 | D:1      | Reached skill level 1 in Conjurations
   268 | D:1      | Reached XP level 2. HP: 19/19 MP: 4/6
   584 | D:1      | Reached XP level 3. HP: 24/24 MP: 4/7
   589 | D:1      | Learned a level 3 spell: Conjure Flame
   593 | D:1      | Learned a level 3 spell: Mephitic Cloud
  1524 | D:2      | Noticed Jessica
  1645 | D:2      | Reached XP level 4. HP: 22/30 MP: 1/8
  2050 | D:2      | Reached XP level 5. HP: 35/35 MP: 3/9
  2565 | D:2      | Found a runed translucent door.
  2583 | D:2      | Noticed Crazy Yiuf
  3846 | D:4      | Reached XP level 6. HP: 41/41 MP: 6/10
  3870 | D:4      | Reached skill level 5 in Conjurations
  4235 | D:4      | Noticed an ogre
  4291 | D:3      | Killed an ogre
  4376 | D:4      | Noticed an ogre
  4395 | D:4      | Killed an ogre
  4395 | D:4      | Reached XP level 7. HP: 31/46 MP: 3/11
  4485 | D:4      | Reached skill level 1 in Fire Magic
  4485 | D:4      | Reached skill level 1 in Air Magic
  4657 | D:4      | Found an iron altar of Okawaru.
  5326 | D:5      | Entered Level 5 of the Dungeon
  5692 | D:5      | Found a staircase to the Ecumenical Temple.
  5702 | Temple   | Entered the Ecumenical Temple
  5867 | D:5      | Found an ornate altar of the Wu Jian Council.
  5871 | D:5      | Found a transporter.
  6090 | D:5      | Reached XP level 8. HP: 52/52 MP: 8/12
  6245 | D:5      | Found an ancient bone altar of Kikubaaqudgha.
  6257 | D:5      | Became a worshipper of Kikubaaqudgha
  6377 | D:5      | Found a transporter.
  6581 | D:5      | Found a sacrificial altar of Ru.
  7012 | D:6      | Noticed Dowan
  7024 | D:6      | Noticed Duvessa
  7036 | D:6      | Killed Dowan
  7138 | D:6      | Killed Duvessa
  7138 | D:6      | Reached skill level 5 in Fire Magic
  7213 | D:6      | Reached XP level 9. HP: 55/57 MP: 0/13
  7217 | D:6      | Reached skill level 5 in Air Magic
  7301 | D:6      | Reached skill level 1 in Necromancy
  7363 | D:6      | Noticed Pikel
  7379 | D:6      | Killed Pikel
  7379 | D:6      | Reached * piety under Kikubaaqudgha
  7379 | D:6      | Identified Kikubaaqudgha's Collected Works on Necromancy
                  | (Kikubaaqudgha gifted it to you on level 6 of the Dungeon)
  7379 | D:6      | Received a gift from Kikubaaqudgha
  7579 | D:6      | Reached skill level 5 in Necromancy
  8527 | D:7      | Found a burning altar of Makhleb.
  9153 | D:8      | Found a staircase to the Lair.
  9175 | D:8      | Noticed a two-headed ogre
  9189 | D:8      | Noticed a hippogriff
  9190 | D:8      | Killed a two-headed ogre
  9190 | D:8      | Reached XP level 10. HP: 60/63 MP: 5/14
  9293 | D:8      | Learned a level 2 spell: Sublimation of Blood
  9297 | D:8      | Learned a level 3 spell: Regeneration
  9354 | D:8      | Reached skill level 1 in Charms
  9544 | D:8      | Reached ** piety under Kikubaaqudgha
  9613 | D:8      | Found Uleoril's General Store.
  9620 | D:8      | Bought a potion of curing for 39 gold pieces
  9660 | D:8      | Noticed Joseph
  9702 | D:8      | Killed Joseph
  9702 | D:8      | Reached skill level 5 in Spellcasting
 10277 | D:9      | Noticed a two-headed ogre
 10299 | D:9      | Killed a two-headed ogre
 10299 | D:9      | Reached XP level 11. HP: 68/68 MP: 4/21
 10391 | D:9      | Found a glowing silver altar of Zin.
 10472 | D:9      | Found a shadowy altar of Dithmenos.
 10612 | D:9      | Noticed Erolcha
 10659 | D:9      | Reached skill level 1 in Fighting
 10659 | D:9      | Reached skill level 1 in Armour
 11179 | D:10     | Entered Level 10 of the Dungeon
 11179 | D:10     | Noticed an unseen horror
 11204 | D:9      | Killed an unseen horror
 11475 | D:10     | Found a sacrificial altar of Ru.
 11554 | D:10     | Reached *** piety under Kikubaaqudgha
 11554 | D:10     | Identified Kikubaaqudgha's Tome of Darkness (Kikubaaqudgha
                  | gifted it to you on level 10 of the Dungeon)
 11554 | D:10     | Received a gift from Kikubaaqudgha
 11569 | D:10     | Learned a level 5 spell: Borgnjor's Vile Clutch
 11575 | D:10     | Learned a level 5 spell: Dispel Undead
 11606 | D:10     | Reached skill level 1 in Earth Magic
 11659 | D:10     | Found a staircase to the Orcish Mines.
 12008 | D:10     | Noticed a two-headed ogre
 12019 | D:10     | Noticed a four-headed hydra
 12054 | D:10     | Killed a four-headed hydra
 12343 | D:10     | Reached skill level 5 in Earth Magic
 12349 | D:10     | Killed a two-headed ogre
 12532 | D:11     | Reached XP level 12. HP: 74/81 MP: 12/22
 12571 | D:11     | Reached **** piety under Kikubaaqudgha
 12787 | D:11     | Noticed a two-headed ogre
 12796 | D:11     | Killed a two-headed ogre
 13009 | D:11     | Reached skill level 10 in Earth Magic
 13094 | D:11     | Learned a level 3 spell: Ozocubu's Armour
 13271 | Orc:1    | Entered Level 1 of the Orcish Mines
 13507 | Orc:1    | Reached skill level 1 in Ice Magic
 13545 | Orc:2    | Entered Level 2 of the Orcish Mines
 13638 | Orc:2    | Found a roughly hewn altar of Beogh.
 13672 | Orc:2    | Noticed an orc high priest
 13672 | Orc:2    | Noticed an orc high priest
 13720 | Orc:2    | Found Fiapseh's Jewellery Shop.
 13723 | Orc:2    | Noticed a soul eater
 13754 | Orc:2    | Reached skill level 5 in Charms
 13770 | Orc:2    | Noticed a sixfirhy
 13770 | Orc:2    | Killed an orc high priest
 13770 | Orc:2    | Reached skill level 10 in Necromancy
 13775 | Orc:2    | Killed an orc high priest
 13775 | Orc:2    | Reached ***** piety under Kikubaaqudgha
 13828 | Orc:2    | Found a staircase to the Elven Halls.
 13874 | Orc:2    | Noticed an orc high priest
 13876 | Orc:2    | Found Wohoro's Antique Weapon Emporium.
 13876 | Orc:2    | Noticed an orc warlord
 13882 | Orc:2    | Noticed Urug
 13885 | Orc:2    | Noticed Snorg
 13930 | Orc:2    | Reached skill level 5 in Ice Magic
 13933 | Orc:2    | Noticed an orc warlord
 13997 | Orc:2    | Mangled by Snorg

Levels and vault maps discovered:
D:1:      dpeg_arrival_orchard, layout_loops_cross, serial_co_window_serial,
          co_window_paths_a, co_window_paths_b, co_window_of_opportunity_a,
          co_window_corner_a, co_window_paths_b, co_window_2corner,
          co_window_unsneaky_path_b, co_window_corner_b, co_window_2corner,
          co_window_paths_d, glass_columns_c, glass_columns_c
D:2:      layout_loops_ring, uniq_jessica, uniq_crazy_yiuf_cottage
D:3:      layout_basic, minmay_misc_feat_encased, corexii_leaking_fountain,
          minmay_door_square
D:4:      layout_basic, okawaru_trees_2
D:5:      gammafunk_wand_slinger, layout_cave_pools, overflow_temple_1_default,
          nicolae_ru_great_annihilating_truth, lemuel_coloured_pillars_altar,
          minmay_temple_entry_slanted, first_ration
D:6:      layout_cave_pools, bh_walls_and_bars, uniq_duvessa, uniq_pikel
D:7:      layout_layer_cave, nicolae_overflow_crystal_walls
D:8:      layout_gridville, lair_entry_dummy, serial_shops, shop,
          hangedman_pestilent_swarm, uniq_joseph
D:9:      layout_stronghold, zin_scriptorium, nicolae_dithmenos_the_darkroom,
          uniq_erolcha
D:10:     layout_stronghold, erik_orc_4, basic_altar
D:11:     layout_rooms, hangedman_decor_diamond_cutter, grunt_decor_clamped
Temple:   nicolae_temple_elliptical
Orc:1:    layout_caves, mines3_lemuel
Orc:2:    grunt_orc_gardens, layout_caves, grunt_orc_garden, grunt_orc_garden,
          grunt_orc_garden, grunt_orc_garden, basic_altar,
          portal_ice_cave_entry_pillars_1, uniq_snorg, uniq_urug

Skill      XL: |  1  2  3  4  5  6  7  8  9 10 11 12 |
---------------+-------------------------------------+-----
Conjurations   | 1 2 3 4 6 |  6.1
Fire Magic     | 3 5 |  5.1
Air Magic      | 2 4 5 |  5.0
Necromancy     | 8 9 10 | 10.0
Spellcasting   | 7 |  7.3
Charms         | 4 6 |  6.1
Dodging        | 3 |  3.4
Fighting       | 3 |  3.3
Armour         | 3 |  3.3
Earth Magic    | 7 10 | 10.0
Ice Magic      | 5 |  5.1
Stealth        | |  2.4
Summonings     | |  1.0
Translocations | |  0.8

Action                   |  1- 3 |  4- 6 |  7- 9 | 10-12 || total
-------------------------+-------+-------+-------+-------++-------
Melee: Short sword       |    14 |     5 |    67 |       ||    86
       Spear             |       |       |    33 |   287 ||   320
       Mace              |       |       |     1 |       ||     1
 Fire: Hunting sling     |       |    84 |   233 |       ||   317
Throw: Javelin           |       |       |    16 |       ||    16
       Dart              |       |       |     7 |       ||     7
 Cast: Magic Dart        |    75 |   107 |   105 |   304 ||   591
       Mephitic Cloud    |     1 |     2 |    19 |    16 ||    38
       Conjure Flame     |       |     7 |    35 |    69 ||   111
       Regeneration      |       |       |       |    44 ||    44
       Borgnjor's Vile C |       |       |       |    46 ||    46
       Dispel Undead     |       |       |       |     3 ||     3
       Sublimation of Bl |       |       |       |    10 ||    10
 Abil: Dig               |     5 |     2 |     7 |    28 ||    42
Evoke: Wand              |       |       |       |     1 ||     1
  Use: Scroll            |       |     3 |     3 |     7 ||    13
       Potion            |       |       |     1 |     7 ||     8
 Stab: Confused          |       |       |     3 |     9 ||    12
       Sleeping          |       |       |       |     1 ||     1
       Paralysed         |       |       |       |     1 ||     1
  Eat: Chunk             |     3 |     9 |    10 |    33 ||    55
       Ration            |       |       |     3 |       ||     3
Armor: Robe              |     5 |     4 |    22 |    21 ||    52
       Acid dragon scale |       |       |       |    12 ||    12
       Troll leather arm |       |       |       |     6 ||     6
Dodge: Dodged            |    27 |    15 |    73 |   126 ||   241
